[Event "Early-Titled-Tuesday-Blitz-May-28-2024"]
[Site "Chess.com"]
[Date "2024.05.28"]
[Round "1"]
[White "johnathan113"]
[Black "KorolDimitriy75"]
[Result "1-0"]
[WhiteElo "2707"]
[BlackElo "2386"]
[TimeControl "180+1"]
[EndTime "8:05:44 PDT"]
[Termination "johnathan113 won by checkmate"]

1. e4 c5 2. Nf3 d6 3. d4 cxd4 4.
Nxd4 Nf6 5. Nc3 g6 6. f3 Bg7 7. Bc4 O-O 8. Be3 Nc6 9. Qe2 Qa5 10. O-O-O Bd7 11. Kb1 Rfc8 12. g4 Ne5 13. Bb3 Rab8 14. h4 b5 15. h5 Nc4 16. hxg6 fxg6 17. Bh6 e5 18. Nf5 Bxf5 19. gxf5 Bxh6 20. Rxh6 Kg7 21. Qh2 Nxb2 22. Rxd6 Qxc3 23. Rxh7+ Nxh7 24. Rxg6+ Kf8 25. Qh6+ Ke7 26. Qxh7+ Kd8 27. Rg8# 1-0

[Event "Early-Titled-Tuesday-Blitz-May-28-2024"]
[Site "Chess.com"]
[Date "2024.05.28"]
[Round "1"]
[White "Davidalhesa2007"]
[Black "chrisclaireredfield"]
[Result "0-1"]
[WhiteElo "1890"]
[BlackElo "2556"]
[TimeControl "180+1"]
[EndTime "8:05:44 PDT"]
[Termination "chrisclaireredfield won by resignation"]

1. d4 d5 2. Nc3 Nf6 3. Bf4 a6 4. e3 b5 5. a3 e6 6. b4 Bd6 7. Nf3 O-O 8. Ne5 Nfd7 9. Bd3 Nxe5 10. dxe5 Be7 11. O-O c5 12. Qh5 g6 13. Qh3 cxb4 14.
axb4 Bxb4 15. Bh6 Re8 16. Nxb5 Nc6 17. c3 Bc5 18. Nd4 Nxe5 19. Be2 Bb7 20. Bf4 Nc4 21.
Bxc4 dxc4 22. Rfd1 Qe7 23. Nf3 f6 24. Nd4 e5 25.
Bxe5 fxe5 26. Nf3 Rad8 27. Rxd8 Rxd8 28. g3 Bxf3 0-1

[Event "Early-Titled-Tuesday-Blitz-May-28-2024"]
[Site "Chess.com"]
[Date "2024.05.28"]
[Round "1"]
[White "SharapovEvgeny"]
[Black "Viktor_Poddubnyi"]
[Result "1-0"]
[WhiteElo "2612"]
[BlackElo "2287"]
[TimeControl "180+1"]
[EndTime "8:05:46 PDT"]
[Termination "SharapovEvgeny won on time"]

1. e4 g6 2. d4 Bg7 3. Nc3 d6 4. f4 Nf6 5. Nf3 O-O 6. Bd3 Nc6 7.
e5 Nh5 8. O-O Bg4 9. Be3 Bh6 10.
Qd2 dxe5 11. Nxe5 Be6 12. Nxc6 bxc6 13. Ne4 Rb8 14. b3 Bg7 15. c3 Bd5 16. Nc5 Qd6 17. Rad1 Nf6 18. c4 Be6 19. Nxe6 Qxe6 20. f5 Qd7 21.
Bb1 Rbd8 22. h3 Qd6 23. Bf4 Qd7 24. Bh6 Qd6 25. Bxg7 Kxg7 26. Qe3 Rd7 27. g4 Rfd8 28. Rfe1 c5 29. d5 1-0

[Event "Early-Titled-Tuesday-Blitz-May-28-2024"]
[Site "Chess.com"]
[Date "2024.05.28"]
[Round "1"]
[White "SaraBlackPanther"]
[Black "Narek_Ghimoyan"]
[Result "1-0"]
[WhiteElo "2744"]
[BlackElo "2420"]
[TimeControl "180+1"]
[EndTime "8:05:47 PDT"]
[Termination "SaraBlackPanther won by resignation"]

1. d4 Nf6 2. c4 e6 3. Nc3 d5 4. cxd5 Nxd5 5. e4 Nxc3 6. bxc3 c5 7. Rb1 Nc6 8. Nf3 cxd4 9. cxd4 Bb4+ 10. Bd2 Bxd2+ 11.
Qxd2 O-O 12. Bc4 b6 13. O-O Bb7 14. Rfe1 Na5 15. Bd3 Rc8 16. Qf4 Qf6 17. Qg4 Qg6 18.
Qh4 Qf6 19. Qh3 Rfd8 20. d5 exd5 21. e5 Qh6 22. Qg4 d4 23. Nxd4 Nc6 24. Nf5 Qg6 25. Ne7+ Nxe7 26. Bxg6 Nxg6 27. Rbd1 Re8 28. h4 Nxe5 29.
Rxe5 1-0

[Event "Early-Titled-Tuesday-Blitz-May-28-2024"]
[Site "Chess.com"]
[Date "2024.05.28"]
[Round "1"]
[White "GrotBchess"]
[Black "N_I_Chess"]
[Result "1-0"]
[WhiteElo "2594"]
[BlackElo "2219"]
[TimeControl "180+1"]
[EndTime "8:05:49 PDT"]
[Termination "GrotBchess won by resignation"]

1. e4 Nf6 2. d3 d5 3. Nd2 e5 4.
Ngf3 Nc6 5. g3 Bc5 6. Bg2 O-O 7. c3 a6 8. O-O Bg4 9. h3 Bh5 10. Qc2 Qe8 11. Nh4 dxe4 12. Nxe4 Nxe4 13. dxe4 Rd8 14.
Nf5 Bg6 15. Be3 Bxe3 16. Nxe3 Qe7 17. a4 Qc5 18. b4 Qe7 19. b5 Na5 20. Qb2 Qc5 21. Qb4 Qxb4 22. cxb4 Nb3 23. Ra3 Nd4 24. bxa6 bxa6 25. Kh2 Rb8 26. Rb1 c5 27. Nd5 cxb4 28. Rxb4 Rxb4 29. Nxb4 a5 30. Nd5 Rb8 31. Rc3 Ne6 32. f4 exf4 33. gxf4 f5 34. exf5 Nxf4 35. fxg6 Nxg6 36. Rc5 Ne5 37. Rxa5 Rb2 38. Ne7+ Kf7 39. Rxe5 1-0

[Event "Early-Titled-Tuesday-Blitz-May-28-2024"]
[Site "Chess.com"]
[Date "2024.05.28"]
[Round "1"]
[White "TheoSlade"]
[Black "MarkusRagger"]
[Result "0-1"]
[WhiteElo "2444"]
[BlackElo "2789"]
[TimeControl "180+1"]
[EndTime "8:05:50 PDT"]
[Termination "MarkusRagger won on time"]

1. d4 Nf6 2. c4 g6 3. Nc3 d5 4. cxd5 Nxd5 5. e4 Nxc3 6. bxc3 Bg7 7. Be3 c5 8. Rc1 Qa5 9. Qd2 cxd4 10. cxd4 Qxd2+ 11. Bxd2 O-O 12. Nf3 Bg4 13. Be3 Nc6 14. d5 Bxf3 15.
gxf3 Ne5 16. Rc7 Rfc8 17. Rxe7 Rc2 18. Be2 Rxa2 19. f4 Ra1+ 20. Bd1 Nc4 21. Rxb7 a5 22. O-O a4 23. Be2 Rxf1+ 24. Kxf1 Nd6 25. Ra7 Rxa7 26. Bxa7 Nxe4 27. f3 a3 28. Bc4 Nd2+ 0-1

[Event "Early-Titled-Tuesday-Blitz-May-28-2024"]
[Site "Chess.com"]
[Date "2024.05.28"]
[Round "1"]
[White "Root_21"]
[Black "ArchibaldCerveza29"]
[Result "1-0"]
[WhiteElo "2688"]
[BlackElo "2379"]
[TimeControl "180+1"]
[EndTime "8:05:51 PDT"]
[Termination "Root_21 won by checkmate"]

1. Nf3 d5 2. g3 Nf6 3. Bg2 e6 4. d3 Be7 5. O-O O-O 6. Nbd2 c5 7. e4 Nc6 8. Re1 b5 9. e5 Nd7 10. Nf1 a5 11. Bf4 b4 12. h4 a4 13.
h5 a3 14. b3 Ba6 15. h6 g6 16.
N1h2 Na7 17. Qc1 Nb5 18. Bg5 Bxg5 19. Nxg5 Nd4 20. Ng4 Rc8 21. Kh2 Qe7 22. Nf3 Nxf3+ 23.
Bxf3 c4 24. dxc4 dxc4 25. Rd1 cxb3 26. Rxd7 b2 27. Rxe7 bxc1=Q 28. Rxc1 Bc4 29. Ra1 Bb5 30. Be4 Ba4 31. Rb1 Bxc2 32. Bxc2 Rxc2 33. Rxb4 Rxa2 34.
Rbb7 Re2 35. Nf6+ Kh8 36. Rxf7 Rxf2+ 37. Kh3 Rxf6 38. Rxh7+ Kg8 39. Rbg7# 1-0

[Event "Early-Titled-Tuesday-Blitz-May-28-2024"]
[Site "Chess.com"]
[Date "2024.05.28"]
[Round "1"]
[White "Kacparov"]
[Black "Triumphmate"]
[Result "1-0"]
[WhiteElo "2917"]
[BlackElo "2511"]
[TimeControl "180+1"]
[EndTime "8:05:52 PDT"]
[Termination "Kacparov won by resignation"]

1. e4 d5 2. exd5 Nf6 3. d4 Bg4 4. Nf3 Qxd5 5. Be2 Nc6 6. c4 Qf5 7. O-O O-O-O 8. Be3 e5 9. d5 e4 10. Nd4 Nxd4 11. Bxd4 Bd6 12. Bxf6 Bxe2 13. Qxe2 gxf6 14. Nc3 Rde8 15. Rad1 Rhg8 16. g3 h5 17. Rd4 h4 18.
Rxe4 Kd7 19. c5 hxg3 20. fxg3 Bxc5+ 21. Kg2 Qg5 22. Qb5+ Kd6 23. Rxe8 a6 24. Ne4+ 1-0

[Event "Early-Titled-Tuesday-Blitz-May-28-2024"]
[Site "Chess.com"]
[Date "2024.05.28"]
[Round "1"]
[White "microbear"]
[Black "Kunalm64"]
[Result "0-1"]
[WhiteElo "2312"]
[BlackElo "2631"]
[TimeControl "180+1"]
[EndTime "8:05:53 PDT"]
[Termination "Kunalm64 won by resignation"]

1. e4 c6 2. d4 d5 3. exd5 cxd5 4. c4 Nf6 5. Nc3 Nc6 6. Nf3 Be6 7. c5 Bg4 8. Bb5 e6 9. Bxc6+ bxc6 10. Qa4 Bxf3 11. Qxc6+ Nd7 12. gxf3 Be7 13. Rg1 O-O 14. Qa4 Bf6 15.
f4 a5 16. Be3 Rb8 17. O-O-O Rb4 18. Qc6 Nb8 19. Qd6 Qxd6 20. cxd6 Rd8 21. f5 Rxd6 22.
fxe6 fxe6 23. a3 Rb7 24. Kb1 Rdb6 25. Na4 Rb5 26. Rc1 Kf7 27. Rc8 Nd7 28. Rgc1 e5 29. dxe5 Bxe5 30. R8c7 Rxc7 0-1

[Event "Early-Titled-Tuesday-Blitz-May-28-2024"]
[Site "Chess.com"]
[Date "2024.05.28"]
[Round "1"]
[White "Likvidator228"]
[Black "dropstoneDP"]
[Result "0-1"]
[WhiteElo "2524"]
[BlackElo "2979"]
[TimeControl "180+1"]
[EndTime "8:05:54 PDT"]
[Termination "dropstoneDP won by resignation"]

1. d4 d5 2. Bf4 c5 3. e3 Nc6 4.
Nf3 Nf6 5. Nbd2 Qb6 6. dxc5 Qxb2 7. Rb1 Qc3 8. Bb5 e6 9. O-O Be7 10. Ne5 Qxc5 11. c4 dxc4 12. Ndxc4 O-O 13. Bxc6 bxc6 14. Qf3 Ba6 15. Rfc1 Qd5 16. Nxc6 Rfe8 17. Nxe7+ Rxe7 18. Qxd5 Nxd5 19. Bd6 Rd7 20. Ba3 Bxc4 21. Rxc4 h6 22. h3 Rad8 23. Rbc1 Nb6 24. Rc7 Rxc7 25. Rxc7 Rd1+ 26.
Kh2 Rd2 27. Rxa7 Rxa2 28. Kg3 g5 29. Ra6 Nc4 30. Ra8+ Kh7 31. Ra7 Rxa3 32. Rxf7+ Kg6 33. Re7 Ra6 34. f3 Nxe3 35. Kf2 Nf5 36. Rc7 h5 37. h4 gxh4 38. Rc4 Ra2+ 39. Kg1 Rxg2+ 40.
Kxg2 Ne3+ 0-1

[Event "Early-Titled-Tuesday-Blitz-May-28-2024"]
[Site "Chess.com"]
[Date "2024.05.28"]
[Round "1"]
[White "xhembulla"]
[Black "mostafa_sakha"]
[Result "1-0"]
[WhiteElo "2637"]
[BlackElo "2327"]
[TimeControl "180+1"]
[EndTime "8:05:54 PDT"]
[Termination "xhembulla won on time"]

1. e4 e5 2. Nf3 Nc6 3. Bc4 Nf6 4. d3 Be7 5. Nc3 O-O 6. O-O d6 7. a4 Be6 8. h3 Nxe4 9. Nxe4 d5 10. Bb5 dxe4 11.
dxe4 Qxd1 12. Rxd1 Nb4 13. c3 Nc2 14. Rb1 Ba2 15.
Bg5 Bxg5 16. Nxg5 Bxb1 17. Rxb1 Rad8 18. Nf3 Rd6 19. Rc1 Na3 20. bxa3 Rfd8 21. Be2 f6 22. Rb1 b6 23. a5 Rc6 24. Rb3 Rc5 25. axb6 axb6 26. Kf1 Ra8 27. Nd2 Rca5 28. Nc4 Ra4 29. Ke1 Kf8 30. Kd2 R8a7 31. Kc2 Ke7 32. Kb2 1-0

[Event "Early-Titled-Tuesday-Blitz-May-28-2024"]
[Site "Chess.com"]
[Date "2024.05.28"]
[Round "1"]
[White "OparinGrigoriy"]
[Black "HajiyevKanan"]
[Result "1-0"]
[WhiteElo "3060"]
[BlackElo "2538"]
[TimeControl "180+1"]
[EndTime "8:05:56 PDT"]
[Termination "OparinGrigoriy won on time"]

1. Nf3 d5 2. g3 Nf6 3. Bg2 g6 4. O-O Bg7 5. c4 c6 6. b3 O-O 7. Bb2 a5 8. Nc3 Bg4 9. cxd5 Nxd5 10. d4 Nxc3 11. Bxc3 Nd7 12. h3 Bxf3 13. Bxf3 Nb6 14. e3 Nd5 15. Bb2 h5 16. Bg2 Re8 17. Qe2 Qb6 18.
e4 Nb4 19. Rfd1 Rad8 20. d5 Bxb2 21. Qxb2 cxd5 22. exd5 Rd6 23. Rac1 Red8 24. Qe2 e6 25. dxe6 Rxd1+ 26. Rxd1 Rxd1+ 27. Qxd1 Qxe6 28. Qd8+ Kg7 29. Qxa5 Qe1+ 30. Bf1 h4 31. gxh4 Qe4 32. a3 Nd5 33. Bg2 Qb1+ 34. Kh2 Nf6 35. Qc3 b6 36. a4 Qf5 37. Qe3 Qa5 38. Qd4 Qf5 39. b4 Kh7 40. a5 bxa5 41. bxa5 Kg7 42. a6 Qa5 43. a7 Qc7+ 44.
f4 Qa5 45. a8=Q 1-0

[Event "Early-Titled-Tuesday-Blitz-May-28-2024"]
[Site "Chess.com"]
[Date "2024.05.28"]
[Round "1"]
[White "GP9isback23"]
[Black "ljuks68"]
[Result "1-0"]
[WhiteElo "2712"]
[BlackElo "2388"]
[TimeControl "180+1"]
[EndTime "8:05:58 PDT"]
[Termination "GP9isback23 won by checkmate"]

1. d4 d5 2. Nf3 Nf6 3. c4 c6 4. Nc3 dxc4 5. a4 Bf5 6. e3 e6 7.
Bxc4 Bb4 8. O-O Nbd7 9. Qe2 O-O 10. Rd1 Rc8 11. e4 Bg4 12. Bg5 Qa5 13. Bd2 e5 14. d5 cxd5 15. Nxd5 Bxd2 16. Ne7+ Kh8 17.
Nxc8 Rxc8 18. Rxd2 Bxf3 19. gxf3 Nf8 20. Bxf7 Qc7 21.
Bb3 Nh5 22. f4 Nxf4 23. Qg4 h5 24. Qf3 Qe7 25. Rad1 N8g6 26. Kh1 h4 27. Rd6 h3 28. Rxg6 Nxg6 29. Qh5# 1-0

[Event "Early-Titled-Tuesday-Blitz-May-28-2024"]
[Site "Chess.com"]
[Date "2024.05.28"]
[Round "1"]
[White "Stanbad1"]
[Black "guineo59"]
[Result "1-0"]
[WhiteElo "2633"]
[BlackElo "2319"]
[TimeControl "180+1"]
[EndTime "8:05:58 PDT"]
[Termination "Stanbad1 won by resignation"]

1. d4 Nf6 2. Nc3 d5 3. Bf4 c5 4. e4 e6 5. Nb5 Na6 6. e5 Nd7 7. c3 Be7 8. Nf3 O-O 9. a4 Nc7 10. h4 a6 11. Nd6 Ne8 12. Nxc8 Rxc8 13. Bd3 f5 14. exf6 Nexf6 15. Qe2 Qb6 16. a5 Qc6 17.
Ng5 Ne4 18. Nxe4 Rxf4 19. Ng5 Bxg5 20. hxg5 g6 21. Qe3 Rcf8 22. f3 Qd6 23. Kf2 e5 24. dxc5 Nxc5 25. Rae1 e4 26. Be2 exf3 27. Bxf3 Ne4+ 28.
Kg1 Nxg5 29. Be2 Re4 30. Qxg5 Qc5+ 31. Kh2 Qd6+ 32. Kh3 Rf5 33. Qg3 Rxe2 34. Qxd6 1-0

[Event "Early-Titled-Tuesday-Blitz-May-28-2024"]
[Site "Chess.com"]
[Date "2024.05.28"]
[Round "1"]
[White "ChessboArt"]
[Black "TERMINATOR_PC"]
[Result "0-1"]
[WhiteElo "2224"]
[BlackElo "2595"]
[TimeControl "180+1"]
[EndTime "8:05:59 PDT"]
[Termination "TERMINATOR_PC won by resignation"]

1. Nf3 Nf6 2. g3 d5 3. Bg2 c6 4. b3 Bg4 5. Bb2 Nbd7 6. d3 e6 7. Nbd2 a5 8. a3 Bd6 9. O-O O-O 10.
e4 e5 11. Qe2 Re8 12. h3 Bh5 13. Rfe1 Qc7 14. c4 dxe4 15. dxe4 Nc5 16. Qe3 Ne6 17. Qc3 Rad8 18. b4 axb4 19. axb4 c5 20. b5 Nd4 21. g4 Bg6 22. Nh4 Ra8 23. Nf5 Bf8 24. Nf3 Nd7 25. Kf1 Nb6 26. Ra7 Rxa7 0-1

[Event "Early-Titled-Tuesday-Blitz-May-28-2024"]
[Site "Chess.com"]
[Date "2024.05.28"]
[Round "1"]
[White "lefonghua"]
[Black "eltenedor"]
[Result "1-0"]
[WhiteElo "2586"]
[BlackElo "2186"]
[TimeControl "180+1"]
[EndTime "8:05:59 PDT"]
[Termination "lefonghua won by resignation"]

1. d4 b6 2. c4 Bb7 3. Nc3 e6 4. e4 Bb4 5. f3 Bxc3+ 6. bxc3 d6 7. Bd3 e5 8. Ne2 Nd7 9. O-O Ne7 10. Ng3 Ng6 11. Be3 Nf6 12. Qd2 Qe7 13. Nf5 Qf8 14. g4 h5 15. g5 Nd7 16. c5 dxc5 17. dxc5 Ne7 18. Bb5 Rd8 19. Nxe7 Qxe7 20. c6 Nb8 21. cxb7+ c6 22. Bd3 Qxb7 23. Rad1 O-O 24. Qe2 Rd6 25. f4 exf4 26. Bxf4 Rg6 27. e5 Re6 28. Qxh5 g6 29. Qf3 b5 30. Bc2 Qb6+ 31. Kh1 c5 32. Be4 Qc7 33.
Bd5 Re7 34. e6 Qb6 35. exf7+ 1-0

[Event "Early-Titled-Tuesday-Blitz-May-28-2024"]
[Site "Chess.com"]
[Date "2024.05.28"]
[Round "1"]
[White "WindWhistler11"]
[Black "vugarrasulov"]
[Result "0-1"]
[WhiteElo "2527"]
[BlackElo "3007"]
[TimeControl "180+1"]
[EndTime "8:06:00 PDT"]
[Termination "vugarrasulov won by resignation"]

1. c4 e5 2. g3 Nf6 3. Bg2 Bc5 4. e3 O-O 5. Nc3 d6 6. Nge2 a6 7. Rb1 Nc6 8. a3 Re8 9. b4 Ba7 10. Qc2 Bg4 11. d3 Qd7 12. h3 Be6 13. Nd5 Bxd5 14. cxd5 Ne7 15. Qb3 c6 16. dxc6 bxc6 17.
O-O d5 18. Bb2 Nf5 19. Rbc1 h5 20. Qa4 Rac8 21. Qxa6 h4 22. g4 Nxe3 23. fxe3 Bxe3+ 24. Kh1 Bxc1 25. Bxc1 e4 26. d4 Ra8 27. Qb6 e3 28. Qc5 Ne4 29. Bxe4 Rxe4 30. Rf3 Rae8 31. Qc3 Qb7 32. Rxe3 Rxe3 33. Bxe3 Qe7 34. Kg2 Qxe3 35. Qxe3 Rxe3 36. Nf4 Rxa3 0-1

[Event "Early-Titled-Tuesday-Blitz-May-28-2024"]
[Site "Chess.com"]
[Date "2024.05.28"]
[Round "1"]
[White "Mihajlovskij"]
[Black "theoneandonlydaaevik"]
[Result "0-1"]
[WhiteElo "2258"]
[BlackElo "2606"]
[TimeControl "180+1"]
[EndTime "8:06:00 PDT"]
[Termination "theoneandonlydaaevik won by resignation"]

1. e4 c6 2. d4 d5 3. e5 Bf5 4.
Nc3 e6 5. g4 Bg6 6. Nge2 c5 7.
Be3 Nc6 8. h4 h5 9. Nf4 Bh7 10.
Nxh5 Qb6 11. Na4 Qa5+ 12. c3 cxd4 13. Bxd4 Be7 14. b4 Bxb4 15. cxb4 Qxb4+ 16. Bc3 Qe4+ 17. Kd2 Qxh1 18. Qb3 d4 19. Bb2 Qe4 20. Qxb7 Qc2+ 21. Ke1 Rb8 22. Qa6 Nge7 23. Bb5 Qe4+ 24. Kd2 Qc2+ 25. Ke1 Rxb5 26. Qxb5 Bd3 27. Nxg7+ Kf8 28. Qxd3 Qxd3 29. Nxe6+ fxe6 0-1

[Event "Early-Titled-Tuesday-Blitz-May-28-2024"]
[Site "Chess.com"]
[Date "2024.05.28"]
[Round "1"]
[White "PabloZarnicki"]
[Black "DonJuanEGenaro"]
[Result "1-0"]
[WhiteElo "2559"]
[BlackElo "1991"]
[TimeControl "180+1"]
[EndTime "8:06:02 PDT"]
[Termination "PabloZarnicki won by resignation"]

1. e4 c5 2. Nf3 Nc6 3. Bb5 e6 4. O-O Nge7 5. Re1 a6 6. Bxc6 bxc6 7. d4 cxd4 8. Nxd4 Ng6 9. Nc3 Be7 10. e5 f6 11.
exf6 Bxf6 12. Ne4 O-O 13. c3 c5 14. Nxc5 e5 15. Nf5 d6 16. Qd5+ Kh8 17. Nxd6 Be7 18.
Qxa8 Bxd6 19. Nb7 Qb6 20. Be3 Qxb7 21. Qxb7 Bxb7 22. Rad1 Rf6 23. g3 h6 24. Rd2 Ne7 25.
Red1 Nf5 26. Bb6 Bf3 27. Re1 e4 28. Bd8 Re6 29. b4 Be5 30. Rc1 e3 31. fxe3 Nxe3 32. Rd3 Bf6 33. Re1 Bg5 34. Bxg5 hxg5 35. Rdxe3 1-0

[Event "Early-Titled-Tuesday-Blitz-May-28-2024"]
[Site "Chess.com"]
[Date "2024.05.28"]
[Round "1"]
[White "MatthewG-p4p"]
[Black "jlf287"]
[Result "1-0"]
[WhiteElo "2888"]
[BlackElo "2493"]
[TimeControl "180+1"]
[EndTime "8:06:04 PDT"]
[Termination "MatthewG-p4p won by resignation"]

1. f4 d5 2. Nf3 g6 3. g3 Bg7 4.
Bg2 Nf6 5. O-O O-O 6. d3 c5 7. Ne5 Nc6 8. Nxc6 bxc6 9. e4 e6 10. e5 Nd7 11. Qe2 Ba6 12. c4 Rb8 13. Nc3 Nb6 14.
b3 Re8 15. Bb2 Qc7 16. Ba3 Bf8 17. g4 Bc8 18. Rae1 a5 19. Qf2 Nd7 20. Na4 Qa7 21. Kh1 Bb7 22. f5 exf5 23. gxf5 Nxe5 24.
fxg6 hxg6 25. Rxe5 Rxe5 26. Qxf7+ Kh8 27. Qxg6 Bg7 28. Bxc5 Qa8 29. Nb6 Qa6 30. Nd7 Rbe8 31. Nxe5 Rxe5 32. Bd4 c5 33. Rf8+ Bxf8 34. Bxe5+ 1-0

[Event "Early-Titled-Tuesday-Blitz-May-28-2024"]
[Site "Chess.com"]
[Date "2024.05.28"]
[Round "1"]
[White "NiranjanNavalgund"]
[Black "ReadySkate"]
[Result "1-0"]
[WhiteElo "2428"]
[BlackElo "2716"]
[TimeControl "180+1"]
[EndTime "8:06:05 PDT"]
[Termination "NiranjanNavalgund won on time"]

1. d4 Nf6 2. c4 g6 3. Nc3 d5 4.
Nf3 Bg7 5. e3 O-O 6. Bd2 dxc4 7.
Bxc4 c5 8. dxc5 Qa5 9. Nb5 Qd8 10. Bc3 Bd7 11. O-O Qc8 12. Rc1 Qxc5 13. Bd4 Qh5 14.
Nc7 Nc6 15. Bxf6 Bxf6 16. Qxd7 Rad8 17. Qh3 Qa5 18. Nd5 Rxd5 19. Bxd5 Qxd5 20. b3 Rd8 21.
Qg3 Rd7 22. h3 e5 23. Rfd1 Qxd1+ 24. Rxd1 Rxd1+ 25. Kh2 e4 26. Qf4 exf3 27. Qxf6 fxg2 28. Kxg2 1-0

[Event "Early-Titled-Tuesday-Blitz-May-28-2024"]
[Site "Chess.com"]
[Date "2024.05.28"]
[Round "1"]
[White "Masterbeaterr"]
[Black "Adar_07"]
[Result "1-0"]
[WhiteElo "2454"]
[BlackElo "2760"]
[TimeControl "180+1"]
[EndTime "8:06:06 PDT"]
[Termination "Masterbeaterr won by resignation"]

1. d4 Nf6 2. c4 e6 3. Nc3 Bb4 4.
f3 d5 5. a3 Be7 6. e4 dxe4 7.
fxe4 e5 8. d5 Bc5 9. Nf3 Ng4 10.
Bg5 Bf2+ 11. Ke2 f6 12. Bh4 Bxh4 13. Nxh4 O-O 14. h3 Nh6 15. Nf3 f5 16. Kd2 Nd7 17. Bd3 Nc5 18. Bc2 fxe4 19. Nxe4 Nxe4+ 20. Bxe4 Bf5 21. Qc2 Qd6 22. Rae1 Bxe4 23. Rxe4 Nf5 24. Rhe1 Qh6+ 25. Kc3 Nd6 26. Rxe5 Qf4 27. Kb3 a5 28. c5 Nf5 29. R1e4 Qg3 30. Rg4 Nd4+ 31. Rxd4 Rxf3+ 32. gxf3 Qxe5 33. Qe4 Qg5 34. d6 Qxc5 35. d7 Rd8 36.
Qe6+ Kh8 37. Qe8+ Qf8 38. Qxf8+ 1-0

[Event "Early-Titled-Tuesday-Blitz-May-28-2024"]
[Site "Chess.com"]
[Date "2024.05.28"]
[Round "1"]
[White "MKlose11"]
[Black "Sofia_Blokhin"]
[Result "1-0"]
[WhiteElo "2606"]
[BlackElo "2260"]
[TimeControl "180+1"]
[EndTime "8:06:06 PDT"]
[Termination "MKlose11 won by checkmate"]

1. e4 c5 2. Nc3 e6 3. g3 Nc6 4. Bg2 g6 5. d3 Bg7 6. Be3 b6 7.
Qd2 Nge7 8. Bh6 O-O 9. h4 Bxh6 10. Qxh6 f6 11. Qd2 Bb7 12. f4 d5 13. h5 d4 14. Nce2 f5 15. hxg6 hxg6 16. Nf3 Qe8 17. Ng5 Nd8 18. O-O-O fxe4 19. dxe4 Nf5 20. exf5 Bxg2 21.
Nxd4 Bxh1 22. Rxh1 exf5 23. Qh2 Qe3+ 24. Kb1 Kg7 25.
Qh7+ Kf6 26. Qd7 Qxd4 27. Nh7# 1-0

[Event "Early-Titled-Tuesday-Blitz-May-28-2024"]
[Site "Chess.com"]
[Date "2024.05.28"]
[Round "1"]
[White "bascheyaro"]
[Black "BobbyFischer1508"]
[Result "1-0"]
[WhiteElo "2799"]
[BlackElo "2448"]
[TimeControl "180+1"]
[EndTime "8:06:08 PDT"]
[Termination "bascheyaro won on time"]

1. d4 Nf6 2. Nf3 e6 3. Bf4 b6 4. e3 Bb7 5. c4 Ne4 6. a3 Be7 7. Bd3 O-O 8. O-O f5 9. Bg3 d6 10. Nfd2 Nxd2 11. Nxd2 Nd7 12. f4 c5 13. d5 exd5 14.
Qf3 g6 15. cxd5 Nf6 16. e4 a6 17. Rad1 b5 18. Rfe1 Qb6 19. Bf2 fxe4 20. Nxe4 Nxe4 21. Bxe4 Qc7 22. f5 gxf5 23. Bxf5 Bf6 24. Qh5 Be5 25. Bh4 Qg7 26. Rd3 Kh8 27. Kh1 Qf7 28.
Qxf7 Rxf7 29. Be6 Rg7 30. Rxe5 dxe5 31. Bf6 Rg8 32. Bxg8 Kxg8 33. Bxg7 Kxg7 34. d6 1-0

[Event "Early-Titled-Tuesday-Blitz-May-28-2024"]
[Site "Chess.com"]
[Date "2024.05.28"]
[Round "1"]
[White "sergeikim"]
[Black "Willi_Skibbe"]
[Result "1-0"]
[WhiteElo "2608"]
[BlackElo "2279"]
[TimeControl "180+1"]
[EndTime "8:06:12 PDT"]
[Termination "sergeikim won by resignation"]

1. d4 d5 2. c4 c6 3. Nf3 Nf6 4. Qc2 a6 5. Nbd2 g6 6. e3 Bf5 7. Bd3 Bxd3 8. Qxd3 b5 9. b3 Bg7 10. Bb2 O-O 11. O-O Nbd7 12. h3 Qb8 13. Rab1 Re8 14. Rfc1 a5 15. cxd5 cxd5 16. Ne5 b4 17. Rc6 e6 18.
Rbc1 Nxe5 19. dxe5 Nd7 20. f4 a4 21. Bd4 Bf8 22. Nf3 axb3 23. axb3 Ra2 24. Rc7 Rd8 25. Kh2 h6 26. Nh4 Kg7 27. f5 g5 28. fxe6 gxh4 29.
exd7 Kg8 30. Qf5 Bg7 31. e6 fxe6 32. Qxe6+ Kh7 33. Qf7 Rg8 34. Bxg7 Rxg7 35. Qxg7+ Kxg7 36. d8=Q+ 1-0

[Event "Early-Titled-Tuesday-Blitz-May-28-2024"]
[Site "Chess.com"]
[Date "2024.05.28"]
[Round "1"]
[White "profedechess93"]
[Black "ChempionBg"]
[Result "1-0"]
[WhiteElo "2603"]
[BlackElo "2252"]
[TimeControl "180+1"]
[EndTime "8:06:13 PDT"]
[Termination "profedechess93 won on time"]

1. e4 c5 2. Nf3 d6 3. Bb5+ Bd7 4.
Bxd7+ Qxd7 5. O-O Nc6 6. Re1 g6 7. c3 Bg7 8. d4 cxd4 9. cxd4 Nf6 10. Nc3 O-O 11. Bg5 h6 12. Bf4 Rfc8 13. Qd2 Kh7 14. Rad1 Qe8 15. e5 dxe5 16. Nxe5 Nxe5 17. Bxe5 Qd7 18. Qe2 e6 19. h4 Nd5 20. Ne4 Qc6 21. Qf3 Qd7 22. h5 g5 23. a3 Kg8 24. Qg3 b6 25. f4 gxf4 26. Bxf4 Nxf4 27. Nf6+ Kh8 28. Nxd7 Nxh5 29. Qf3 1-0

[Event "Early-Titled-Tuesday-Blitz-May-28-2024"]
[Site "Chess.com"]
[Date "2024.05.28"]
[Round "1"]
[White "FoggyMorning"]
[Black "kekic76"]
[Result "1-0"]
[WhiteElo "2647"]
[BlackElo "2339"]
[TimeControl "180+1"]
[EndTime "8:06:18 PDT"]
[Termination "FoggyMorning won by resignation"]

1. e4 c6 2. d4 d5 3. Nc3 dxe4 4.
Nxe4 Bf5 5. Ng3 Bg6 6. h4 h6 7. Nf3 Nd7 8. h5 Bh7 9. Bd3 Bxd3 10. Qxd3 Ngf6 11. Bd2 Qc7 12. O-O-O O-O-O 13. Ne4 Nxe4 14. Qxe4 Nf6 15. Qe2 e6 16. g3 Bd6 17. c4 c5 18. Bc3 cxd4 19. Nxd4 a6 20. Kb1 Rd7 21. Nb3 Rhd8 22. Ba5 b6 23. c5 Bxc5 24. Rc1 Rd5 25. Nxc5 Rxc5 26. Rxc5 Qxc5 27. Qxa6+ Kb8 28. Bxb6 Qf5+ 29.
Ka1 Rd7 30. Rc1 Rb7 31. Ba7+ Ka8 32. Rc8+ 1-0

[Event "Early-Titled-Tuesday-Blitz-May-28-2024"]
[Site "Chess.com"]
[Date "2024.05.28"]
[Round "1"]
[White "rookpower2004"]
[Black "Azeryahu"]
[Result "0-1"]
[WhiteElo "2514"]
[BlackElo "2936"]
[TimeControl "180+1"]
[EndTime "8:06:20 PDT"]
[Termination "Azeryahu won by checkmate"]

1. e4 e5 2. Nf3 Nc6 3. Bc4 Nf6 4. d3 d5 5. exd5 Nxd5 6. O-O Nb6 7. Qe2 Nxc4 8.
dxc4 f6 9. Nc3 Be6 10. Be3 Qe7 11. Nd5 Qf7 12. Rfd1 O-O-O 13. b4 Nxb4 14. Bxa7 Nxd5 15. cxd5 Rxd5 16. Rxd5 Bxd5 17. Nd2 Qg6 18. f3 Qxc2 19. Qb5 Bc6 20. Qa5 b6 21. Qa6+ Bb7 22. Qb5 Bc5+ 23. Kh1 Qxd2 24. a4 Rd8 25. h3 Qd3 26.
Qxd3 Rxd3 27. a5 e4 28. axb6 exf3 29. gxf3 Rxf3 30. Kh2 Rf2+ 31. Kg3 Rg2+ 32. Kf4 cxb6 33. Rc1 Kd7 34. Bb8 Ke6 35. Re1+ Kf7 36. Bc7 g5+ 37.
Kf5 Rf2+ 38. Kg4 Kg6 39. Kg3 Rg2# 0-1

[Event "Early-Titled-Tuesday-Blitz-May-28-2024"]
[Site "Chess.com"]
[Date "2024.05.28"]
[Round "1"]
[White "Qvalda"]
[Black "Sl4werThanYou"]
[Result "0-1"]
[WhiteElo "2417"]
[BlackElo "2744"]
[TimeControl "180+1"]
[EndTime "8:06:20 PDT"]
[Termination "Sl4werThanYou won on time"]

1. d4 Nf6 2. c4 e6 3. Bf4 Bb4+ 4. Nd2 O-O 5. a3 Be7 6. e4 d6 7. Bd3 Nfd7 8. Bg3 e5 9. d5 Nc5 10. Bc2 f5 11. exf5 Bxf5 12. Bxf5 Rxf5 13. Qc2 Rf8 14. Ne2 a5 15. b3 Bg5 16. Ne4 Nxe4 17. Qxe4 Nd7 18. O-O Nc5 19. Qc2 a4 20. b4 Nb3 21.
Rad1 h5 22. f4 exf4 23. Nxf4 Bxf4 24. Bxf4 Qh4 25. Bg3 Qg4 26. Bf2 Rae8 27. h3 Qg5 28. Rde1 Rxe1 29. Rxe1 Qf4 30. Qe2 Nc1 31. Qe3 Nd3 32.
Qxf4 Rxf4 33. Re2 Rxc4 34. Ba7 b6 35. Bb8 Nf4 36. Re7 Nxd5 37. Rd7 Rc1+ 38. Kf2 Rc2+ 39. Kf3 Rc3+ 40. Ke4 Nf6+ 41. Kd4 Nxd7 42. Kxc3 Nxb8 0-1